 Dungeon Crawl Stone Soup version 0.30-a0-946-gec5dcfc036 (webtiles) character file.

Game seed: 7491409467271736544

293 mopl the Magician (level 6, 0/31 (36) HPs)
             Began as an Octopode Hedge Wizard on Mar 25, 2023.
             Was an Initiate of Vehumet.
             Slain by Grinder (10 damage)
             ... on level 5 of the Dungeon on Mar 26, 2023.
             The game lasted 00:04:50 (3045 turns).

mopl the Magician (Octopode Hedge Wizard)           Turns: 3045, Time: 00:04:50

HP:   0/31 (36)     AC:  1    Str:  9    XL:     6   Next: 33%
MP:   11/12         EV: 13    Int: 18    God:    Vehumet [......]
Gold: 268           SH:  0    Dex: 12    Spells: 7/13 levels left

rFire   . . .      SeeInvis .    a - +1 dagger (pain)
rCold   . . .      Faith    .    (no shield)
rNeg    . . .      Spirit   .    b - +0 hat
rPois   .          Reflect  .    (no amulet)
rElec   .          Rampage  .    t - +4 ring of slaying
rCorr   .                        A - ring of wizardry
Will    .....                    (no ring)
Stlth   +++                      (no ring)
HPRegen 0.25/turn                (no ring)
MPRegen 0.13/turn                (no ring)
                                 (no ring)
                                 (no ring)

@: heavily drained
A: almost no armour, amphibious, 8 rings, camouflage 1, gelatinous body 1,
(nimble swimmer 1), tentacles
a: Renounce Religion


You were on level 5 of the Dungeon.
You worshipped Vehumet.
Vehumet was noncommittal.
You visited 1 branch of the dungeon, and saw 5 of its levels.

You collected 268 gold pieces.

Inventory:

Hand Weapons
 a - a +1 dagger of pain (weapon)
Missiles
 i - 11 poisoned darts
Armour
 b - a +0 hat (worn)
Jewellery
 t - a +4 ring of slaying (left tentacle)
 A - a ring of wizardry (right tentacle)
Wands
 w - a wand of digging (3)
Scrolls
 d - 2 scrolls of fear {unknown}
 g - a scroll of butterflies {unknown}
 j - a scroll of torment {unknown}
 k - 2 scrolls of immolation {unknown}
 n - 2 scrolls of enchant weapon {unknown}
 o - a scroll of identify {unknown}
 p - a scroll of vulnerability {unknown}
 q - 2 scrolls of teleportation {unknown}
 r - a scroll of silence {unknown}
 s - 2 scrolls of poison {unknown}
 u - a scroll of noise {unknown}
 v - a scroll of enchant armour {unknown}
 y - a scroll of acquirement {unknown}
 z - a scroll of brand weapon {unknown}
Potions
 c - a potion of magic
 e - 4 potions of mutation {unknown}
 f - 3 potions of haste {unknown}
 h - 2 potions of might {unknown}
 l - 5 potions of curing {unknown}
 m - a potion of attraction {unknown}
 x - a potion of brilliance {unknown}


   Skills:
 - Level 2.0 Dodging
 - Level 2.6 Stealth
 + Level 4.4 Spellcasting
 + Level 3.5 Conjurations
 - Level 1.0 Summonings
 + Level 3.5 Translocations


You had 7 spell levels left.
You knew the following spells:

 Your Spells              Type           Power      Damage    Failure   Level
a - Magic Dart            Conj           64%        1d6       1%          1
c - Mephitic Cloud        Conj/Pois/Air  8%         N/A       11%         3
e - Blink                 Tloc           32%        N/A       1%          2

Your spell library contained the following spells:

 Spells                   Type           Power      Damage    Failure   Level
 Slow                     Hex            16%        N/A       6%          1
 Call Imp                 Summ           7%         N/A       6%          2
 Cigotuvi's Dreadful Rot  Necr/Pois/Air  8%         N/A       9%          2
 Passage of Golubria      Tloc           16%        N/A       13%         4
 Inner Flame              Hex/Fire       4%         N/A       16%         3
 Ozocubu's Armour         Ice            4%         N/A       16%         3
 Cause Fear               Hex            2%         N/A       45%         4
 Silence                  Hex/Air        2%         N/A       80%         5
 Ozocubu's Refrigeration  Ice            2%         4d7       100%        7
 Discord                  Hex            2%         N/A       100%        8
 Lehudib's Crystal Spear  Conj/Erth      5%         10d3      100%        8


Dungeon Overview and Level Annotations

Branches:
Dungeon (5/15)             Temple (0/1) D:4

Altars:
Ashenzari
Makhleb
Qazlal
Ru
Vehumet

Shops:
D:1 :

Annotations:
D:5 1 runed translucent door, Grinder


Innate Abilities, Weirdness & Mutations

You cannot wear most types of armour.
You are amphibious.
You can wear up to eight rings at the same time.
Your skin changes colour to match your surroundings (Stealth+).
Your rubbery body absorbs attacks. (AC +1, EV +1)
((You are camouflaged when in or above water. (Stealth+)))
You have tentacles for arms and can constrict up to eight enemies at once.


Message History

You start resting.
HP restored.
You climb downwards.
Level annotation: 1 runed translucent door
There is a stone staircase leading up here.
Found a stone staircase leading up.
y - a scroll labelled PEFESO KIFAIS
z - a scroll labelled POVVOJI PEUQU
A - a ring of wizardry Grinder comes into view.
Grinder shouts!
A - a ring of wizardry (right tentacle) Grinder blinks!
You closely miss Grinder. You grab Grinder. You constrict Grinder.
Grinder misses you.
You hit Grinder.
Grinder is lightly wounded.
You constrict Grinder. Grinder barely misses you.
Unknown command.
You hit Grinder.
Grinder is moderately wounded.
You constrict Grinder. Grinder hits you!
You writhe in agony.
You barely miss Grinder.
Grinder is moderately wounded.
You constrict Grinder. Grinder hits you.
You writhe in agony.
You are too injured to fight recklessly!
Casting: Blink (safe; 1% risk of failure)
Confirm with . or Enter, or press ? or * to list all spells.
Aiming: Magic Dart (safe; 1% risk of failure)
Press: ? - help, Shift-Dir - straight line, f - Grinder
Aim: Grinder (heavily wounded, constricted by you, 100% to hit)
The magic dart hits Grinder.
Grinder is heavily wounded.
You constrict Grinder. Grinder gestures at you.
You resist with significant effort.
You hit Grinder.
Grinder is severely wounded.
You constrict Grinder. Grinder hits you!
You die...

#####.<.#..#######.
#..........# #.
#.###...##.# #. #.
##.###.# #. #. #.#
#.# #. #. #.# #.#
#. #. #.# #.# #.
#5####.# ...######.
#.@....# .........
######## ######. ##


You could see Grinder.

Vanquished Creatures
  Sigmund (D:5)
  7 adders
  A worm (D:3)
  A dart slug (D:2)
  3 orcs (D:4)
  5 bats
  4 endoplasms
  3 giant cockroaches
  8 goblins
  12 hobgoblins
  3 jackals (D:1)
  9 ball pythons
  A frilled lizard (D:1)
  8 kobolds
  4 rats
70 creatures vanquished.

Notes
Turn   | Place    | Note
-------+----------+-------------------------------------------
     0 | D:1      | mopl the Octopode Hedge Wizard began the quest for the Orb.
     0 | D:1      | Reached XP level 1. HP: 11/11 MP: 4/4
    52 | D:1      | Reached XP level 2. HP: 6/17 MP: 6/6
    72 | D:1      | Learned a level 2 spell: Blink
   111 | D:1      | Found Desuluag's Book Shop.
   280 | D:1      | Upgraded the game from 0.30-a0-939-gc8157cb160 to
                  | 0.30-a0-946-gec5dcfc036
   299 | D:1      | Reached XP level 3. HP: 21/21 MP: 7/7
   574 | D:1      | Found a faded altar of an unknown god.
   701 | D:1      | Prayed at the altar of an unknown god.
   701 | D:1      | Became a worshipper of Ru the Awakened
   702 | D:1      | Fell from the grace of Ru
   997 | D:2      | Reached skill level 2 in Conjurations
  1049 | D:2      | Reached skill level 2 in Translocations
  1180 | D:2      | Found a broken altar of Ashenzari.
  1403 | D:3      | Reached XP level 4. HP: 27/27 MP: 9/9
  1411 | D:3      | Found a radiant altar of Vehumet.
  1430 | D:3      | Became a worshipper of Vehumet
  1814 | D:3      | Found a burning altar of Makhleb.
  2149 | D:4      | Reached XP level 5. HP: 31/31 MP: 10/10
  2233 | D:4      | Found a stormy altar of Qazlal.
  2398 | D:4      | Reached skill level 4 in Spellcasting
  2530 | D:4      | Found a staircase to the Ecumenical Temple.
  2613 | D:5      | Entered Level 5 of the Dungeon
  2662 | D:5      | Noticed Sigmund
  2668 | D:5      | Learned a level 3 spell: Mephitic Cloud
  2676 | D:5      | Killed Sigmund
  2677 | D:5      | Reached skill level 3 in Conjurations
  2677 | D:5      | Reached skill level 3 in Translocations
  2677 | D:5      | Reached XP level 6. HP: 23/36 MP: 6/12
  2815 | D:5      | Found a runed translucent door.
  2879 | D:5      | Noticed an orc warrior
  3038 | D:5      | Noticed Grinder
  3045 | D:5      | Slain by Grinder

Illustrated notes

Levels and vault maps discovered:
D:1:      dpeg_arrival_radiant, layout_basic, serial_shops, shop,
          ebering_ecumenical_altar_petrified
D:2:      layout_rooms, basic_altar
D:3:      layout_loops_cross, mainiacjoe_overflow_small_starburst,
          mainiacjoe_overflow_paths
D:4:      layout_loops_cross, nicolae_qazlal_scattered_showers, temple_green
D:5:      layout_loops_ring, nemelex_spade_bored_becter,
          ebering_ghost_reflecting_pool, uniq_eustachio, uniq_sigmund,
          uniq_blork_the_orc, uniq_grinder

Skill      XL: |  1  2  3  4  5 |
---------------+----------------+-----
Conjurations   | 2 3 |  3.5
Translocations | 2 3 |  3.5
Spellcasting   | 4 |  4.4
Dodging        | |  2.0
Stealth        | |  2.6
Summonings     | |  1.0

Action                     |  1- 3 |  4- 6 || total
---------------------------+-------+-------++-------
  Melee: Dagger            |    76 |    57 ||   133
         Constrict         |    21 |    13 ||    34
         Tentacles         |    18 |    14 ||    32
         Punch             |       |     1 ||     1
   Cast: Magic Dart        |     8 |    30 ||    38
         Mephitic Cloud    |       |     3 ||     3
         Blink             |       |     1 ||     1
 Invoke: Renounce Religion |     1 |       ||     1
   Stab: Sleeping          |    10 |     4 ||    14
 Armour: Skin              |     4 |     2 ||     6
  Dodge: Dodged            |    36 |    26 ||    62

Table legend: (Time is in decaauts)
 A = Elapsed time spent in this place.
 B = Non-inter-level travel time spent in this place.
 C = Inter-level travel time spent in this place.
 D = Time resting spent in this place.
 E = Time spent auto-exploring this place.
 F = Levels seen in this place.
 G = Mean time per level.
                   A        B        C        D        E       F      G
               +--------+--------+--------+--------+--------+-----+--------+
         Total |   3043 |   2824 |    219 |    206 |   2116 |   5 |  608.6 |
       Dungeon |   3043 |   2824 |    219 |    206 |   2116 |   5 |  608.6 |
               +--------+--------+--------+--------+--------+-----+--------+

Top non-repeatable levels by time:
     D:1: 937 daAuts
     D:4: 725 daAuts
     D:3: 629 daAuts
     D:2: 390 daAuts
     D:5: 360 daAuts
